Zazza, neutral female human Tourist -- --- ------------------ --- ----.----- |.|---|................|--------------|.---- .....--.-- |.|...|................|!?[|..|...|...|....-- ........| |.|......--|--.........|%.?|..|...|...|.....| -.......| |.|...|..|...|..-----..|...|..|-|---|--....- |.......| |.-----..|...|--|((.|..--|---|-.........|..----- |.......-- |........|...|..|((.-....f........-----........| --........--- |........|---|..|((.|......--+-...|...|.....-- - ----...<.......-- |.----...|(((||------..{.@.| |...-...|..--... |...............--|.| +...|(((|...........Y.| |...|...|..| - ... -................--.| |...|...|-|-.....---|-------------.-| --...| |..........|.......[.----...--|-|..|..-|-|..................--- ---- |.........-----.--.....|........|..|..|..|--@-....---------...----- |...--....| |...--...|..#.....----..|..|...-....|...[.(||.|...>.| |.. --..-- ---.--...|-....{........|..|.%.|....-...._.||.|.....| |. ..-- |......--..|....#)....------.-....|......||.|....-| | ... ---........|-.....................|----------.....| ...- |.[...--------..............----- |......[..-------- --- ---.........................| |.........)..........| |..-----------..|.-----.--- ---.-------------- - ---- ------ --- -- Zazza the Excursionist Experience level: 7 Strength: 16 Dexterity: 11 Constitution: 18 Intelligence: 11 Wisdom: 7 Charisma: 14 Health: 0(65) Energy: 26(26) Def: 5 Gold: 0 Moves: 5396 Dungeon seed: RzHisPsugvL5hHCq Game ID: Zazza_1563021867 Your Inventory: Amulets B - an uncursed amulet versus poison C - a cursed amulet of reflection W - a cursed amulet of restful sleep Weapons a - 40 +2 darts i - 21 +0 darts t - a +0 elven dagger D - the cursed rustproof +0 Magicbane (weapon in hand) Armor m - a blessed +0 dwarvish cloak (being worn) q - an uncursed +0 leather armor (being worn) I - a cursed +0 cloak of magic resistance K - an uncursed +0 pair of high boots (being worn) U - an uncursed +0 orcish helm (being worn) Comestibles A - an uncursed lizard corpse J - 2 uncursed food rations M - a cursed carrot O - a cursed food ration P - 2 cursed tins of large kobold meat X - an uncursed slime mold Scrolls f - 2 uncursed scrolls of create monster j - an uncursed scroll of confuse monster v - an uncursed scroll of teleportation S - an uncursed scroll of magic mapping Y - an uncursed scroll of charging Spellbooks s - an uncursed spellbook of extra healing Potions w - an uncursed potion of gain energy x - a cursed potion of object detection Z - an uncursed potion of restore ability Rings E - an uncursed ring of invisibility Wands c - a cursed wand of digging (0:7) Tools d - a blessed tallow candle (0:200) k - an uncursed credit card l - an expensive camera (0:73) G - an uncursed mirror V - an uncursed towel Gems e - an uncursed luckstone h - a cursed worthless piece of white glass r - 2 uncursed worthless pieces of white glass u - 2 uncursed worthless pieces of yellow glass z - an uncursed worthless piece of red glass N - 2 uncursed worthless pieces of green glass Q - a cursed worthless piece of black glass R - a cursed worthless piece of red glass T - a cursed worthless piece of violet glass Spells and supernatural/magical abilities: Name Level Category Fail Memory W - pray for help -- divine ? -- Your skills at the end: Fighting Skills Weapon Skills dagger [Basic] long sword [Basic] dart [Basic] Spellcasting Skills Final Attributes: You were piously aligned. You were poison resistant. You were magic-protected. You were held by an owlbear. You were lucky. You had extra luck. Bad luck did not time out for you. Good luck did not time out for you. You are dead (2nd time!). Vanquished creatures: 3 small mimics a giant beetle an orc mummy 2 lizards a dwarf lord a rope golem a Woodland-elf a violet fungus 6 gnome lords a gnomish wizard a ghoul 2 straw golems a kitten 5 dwarves a homunculus 10 hill orcs 2 centipedes a giant bat an orc zombie a dwarf zombie a wererat a werejackal 16 killer bees an acid blob a coyote a hobbit a hobgoblin 2 giant rats 2 cave spiders a brown mold 5 yellow molds a green mold 19 gnomes 4 garter snakes 3 gnome zombies 3 geckos 5 jackals a fox a kobold 2 goblins 2 sewer rats 4 grid bugs 5 bats 6 lichens a kobold zombie 10 newts 142 creatures vanquished. Voluntary challenges: You used a wielded weapon 191 times, starting on turn 1189. You read items or engraved 11 times, starting on turn 4829. You never genocided any monsters. You never polymorphed an object. You never changed form. You used no wishes. You never split a pudding. You wrote Elbereth's name 9 times, starting on turn 4829. You never violated your personal moral code. Dungeon overview: The Dungeons of Doom: levels 1 to 5 Level 1 some altars to Blind Io and Offler, a fountain a long staircase Level 2 (gold) Level 3 a general store Level 4 a fountain stairs to The Gnomish Mines Level 5 The Gnomish Mines: levels 5 to 8 Level 5 stairs to The Dungeons of Doom Level 6 Level 7 <- You were here many shops, a temple to Blind Io, some fountains, some trees Level 8 History has recorded: On T:1 you entered the Dungeons of Doom to retrieve the Amulet of Yendor! On T:592 you reached level 2 of The Dungeons of Doom. On T:873 you advanced to experience level 2. On T:1044 you reached level 3 of The Dungeons of Doom. On T:1472 you advanced to experience level 3. On T:2249 you advanced to experience level 4. On T:2428 you advanced to experience level 5. On T:3007 you reached level 4 of The Dungeons of Doom. On T:3580 you reached level 5 of The Dungeons of Doom. On T:3640 you reached level 1 of The Gnomish Mines. On T:3822 you advanced to experience level 6. On T:4007 you reached level 2 of The Gnomish Mines. On T:4025 you reached level 3 of The Gnomish Mines. On T:4459 you reached level 4 of The Gnomish Mines. On T:4668 you advanced to experience level 7. On T:4700 you were saved from death by your amulet of life saving! Score breakdown: Gold: 0 ( 0 points) Experience: 7 levels (13645 points) Exploration: 8 levels ( 16.33%) (11456 points) Discoveries: 7 items ( 2.35%) ( 4597 points) Valuables value: (no points given unless you survive) Artifact value: 3500 (12056 points) Variety of kills: 46 monsters ( 12.07%) (10424 points) Turncount: 5396 turns (-1467 points) Survival: died (score multiplied by 80%) Total score: 40568 Latest messages: The small mimic is not carrying anything. The magic-absorbing blade stuns the small mimic! You kill the small mimic! You see here a food ration (60 zorkmids). Never mind. You can't lock a door with a credit card. The door opens. You displace Armand. The owlbear hits! (2x) The owlbear grabs you! You hit it. The owlbear hits! (2x) You are being crushed. Berbek shouts: "Who dared dig into my shop?" The owlbear hits! (2x) You die... Berbek comes and takes all your possessions. Final status: Aloha Zazza the Tourist, killed by an owlbear... You died in The Gnomish Mines on dungeon level 7 with 40568 points, and 0 pieces of gold, after 5396 moves. You were level 7 with a maximum of 65 hit points when you died.